 Dungeon Crawl Stone Soup version 0.22-a0-392-g5dc3fd9 (webtiles) character file.

71362 iamserjio the Spry (level 14, 0/69 HPs)
             Began as a Felid Wizard on May 1, 2018.
             Was a High Priest of Vehumet.
             Slain by a deep elf blademaster
             ... wielding a +2 rapier of venom
              (12 damage)
             ... on level 3 of the Elven Halls.
             The game lasted 04:14:48 (58599 turns).

iamserjio the Spry (Felid Wizard)                  Turns: 58599, Time: 04:14:49

Health: 0/69       AC:  3    Str:  3    XL:     14   Next: 97%
Magic:  7/32       EV: 31    Int: 27    God:    Vehumet [*****.]
Gold:   406        SH:  3    Dex: 17    Spells: 9/39 levels left
                                        Lives:  0   Deaths: 4

rFire    + . .     SeeInvis +   (weapon unavailable)
rCold    + . .     Gourm    .   (shield unavailable)
rNeg     + . .     Faith    .   (armour unavailable)
rPois    .         Spirit   .   (helmet unavailable)
rElec    .         Reflect  +   (cloak unavailable)
rCorr    .         Harm     .   (gloves unavailable)
MR       ++++.                  (boots unavailable)
Stlth    +++.......             z - +3 amulet of reflection
HPRegen  0.21/turn              s - ring "Luahezekhi" {rF+ rN+ MR+}
MPRegen  0.23/turn              K - ring of Miuw Xodd {MR+ Dex+3}

@: drained, quick
A: very small, no armour, no weapons or thrown items, stealth, claws 1, fangs 3,
see invisible, carnivore, speed 1, shaggy fur 3, slow metabolism 1, sharp paws
a: Renounce Religion


You were on level 3 of the Elven Halls.
You worshipped Vehumet.
Vehumet was extremely pleased with you.
You were not hungry.

You visited 6 branches of the dungeon, and saw 28 of its levels.

You collected 2173 gold pieces.
You spent 1767 gold pieces at shops.

Inventory:

Jewellery
 m - an uncursed ring of fire {unknown}
 p - an uncursed ring of ice
 r - a +3 ring of evasion
 s - the ring "Luahezekhi" (left paw) {rF+ rN+ MR+}
   (You found it on level 6 of the Lair of Beasts)

   [ring of protection from fire]

   It protects you from fire.
   It protects you from negative energy.
   It affects your resistance to hostile enchantments.
 v - an uncursed ring of wizardry
 w - the ring "Hoall" {rN+ Slay+3, unknown}
   (You took it off a deep elf death mage on level 3 of the Elven Halls)

   [ring of positive energy]

   It affects your accuracy and damage with ranged weapons and melee attacks
   (+3).
   It protects you from negative energy.
 y - an uncursed ring of flight {unknown}
 z - a +3 amulet of reflection (around neck)
 K - the ring of Miuw Xodd (right paw) {MR+ Dex+3}
   (You found it on level 11 of the Dungeon)

   [ring of protection from magic]

   It affects your dexterity (+3).
   It affects your resistance to hostile enchantments.
 L - an uncursed amulet of magic regeneration
 M - the amulet "Roaquam" {Spirit Stlth+}
   (You found it on level 14 of the Dungeon)

   [amulet of guardian spirit]

   It causes incoming damage to be split between your health and magic.
   It makes you more stealthy.
 P - a +5 ring of protection {unknown}
 R - the ring "Ytasch" {+Fly rN+ Str+5 Dex-2 Stlth+, unknown}
   (You took it off a deep elf sorcerer on level 3 of the Elven Halls)

   [ring of stealth]

   It affects your strength (+5).
   It affects your dexterity (-2).
   It protects you from negative energy.
   It lets you fly.
   It makes you more stealthy.
 S - the ring of Ceynuut {Str+4 Stlth+, unknown}
   (You took it off a deep elf elementalist on level 3 of the Elven Halls)

   [ring of stealth]

   It affects your strength (+4).
   It makes you more stealthy.
Wands
 l - a wand of disintegration (14)
 x - a wand of flame (15)
 B - a wand of iceblast (5)
 H - a wand of acid (1)
 I - a wand of polymorph (15)
 J - a wand of paralysis (19)
Scrolls
 d - 4 scrolls of immolation
 f - a scroll of summoning
 n - 7 scrolls of remove curse
 t - a scroll of fog
 D - 3 scrolls of vulnerability
 F - 4 scrolls of teleportation
 G - 2 scrolls of holy word
 N - 3 scrolls of fear
 Q - a scroll of blinking
Potions
 a - 3 potions of magic
 c - 4 potions of ambrosia
 e - 3 potions of lignification
 g - 2 potions of invisibility
 h - 5 potions of curing
 i - 4 potions of haste
 j - 2 potions of might
 k - 6 potions of flight
 o - 4 potions of agility
 q - 3 potions of brilliance
 u - 2 potions of berserk rage
 A - 2 potions of heal wounds
 C - a potion of cancellation {unknown}
 E - 5 potions of mutation
 O - a potion of resistance {unknown}
Comestibles
 b - 40 rations


   Skills:
 + Level 12.4(12.1) Fighting
 - Level 15.5(15.2) Dodging
 - Level 2.6(2.4) Stealth
 * Level 13.1(12.7) Spellcasting
 + Level 15.4(15.1) Conjurations
 - Level 3.0(2.7) Hexes
 - Level 1.0(0.7) Summonings
 + Level 6.7(6.4) Necromancy
 - Level 1.5(1.2) Translocations
 - Level 10.3(10.0) Fire Magic
 + Level 1.8(1.6) Earth Magic
 - Level 5.0(4.7) Evocations


You had 9 spell levels left.
You knew the following spells:

 Your Spells              Type           Power        Failure   Level  Hunger
a - Iskenderun's Mystic   Conj           #######.     1%          4    None
b - Call Imp              Summ           ###.....     3%          2    None
c - Blink                 Tloc           N/A          3%          2    None
d - Conjure Flame         Conj/Fire      ######..     1%          3    None
e - Mephitic Cloud        Conj/Pois/Air  #####...     1%          3    None
f - Flame Tongue          Conj/Fire      #####        0%          1    None
g - Bolt of Magma         Conj/Fire/Erth ######....   1%          5    ##.....
i - Searing Ray           Conj           ######       0%          2    None
j - Tukima's Dance        Hex            ####....     3%          3    None
k - Bolt of Draining      Conj/Necr      ######....   1%          5    ##.....


Dungeon Overview and Level Annotations

Branches:
Dungeon (15/15)            Temple (1/1) D:7            Lair (6/6) D:10
 Shoals (0/4) Lair:4       Spider (0/4) Lair:2        Slime (0/5) Lair:5
    Orc (2/2) D:10            Elf (3/3) Orc:2        Vaults (0/5) D:13
 Depths (1/5) D:15

Altars:
Ashenzari
Cheibriados
Dithmenos
Fedhas
Gozag
Hepliaklqana
Kikubaaqudgha
Makhleb
Nemelex Xobeh
Qazlal
Ru
Sif Muna
Trog
Uskayaw
Vehumet
Wu Jian
Xom
Yredelemnul
Zin
The Shining One
Beogh

Shops:
D:7 *   D:8 (   D:9 !   Orc:2 *?*[   Elf:2 *   Elf:3 ![

Annotations:
Lair:5 Tovarisch's ghost, journeyman DEFE
Elf:2 3 runed doors, Mara
Elf:3 Saint Roka


Innate Abilities, Weirdness & Mutations

You cannot wear armour.
You are incapable of wielding weapons or throwing items.
Your paws allow you to move quietly. (Stealth)
You have sharp claws.
You have razor-sharp teeth.
You have supernaturally acute eyesight. (SInv)
You are carnivorous and can eat meat at any time.
You cover ground quickly.
Your thick and shaggy fur keeps you warm. (AC +3, rC+)
You have a slow metabolism.
Your sharp claws are effective at attacking unaware monsters.


Message History

Found a runed hand crossbow and a leatherbound book.
You feel better.
Casting: Blink (safe; 3% risk of failure)
Confirm with . or Enter, or press ? or * to list all spells.
You blink.
Found a long sword, a ration, a crystal ball of energy and a phantom mirror.
Casting: Blink (safe; 3% risk of failure)
Confirm with . or Enter, or press ? or * to list all spells.
You blink.
Casting: Blink (safe; 3% risk of failure)
Confirm with . or Enter, or press ? or * to list all spells.
You blink.
The deep elf blademaster completely misses you.
The deep elf blademaster hits you with a rapier of venom!!
* * * LOW HITPOINT WARNING * * *
You are lethally poisoned!
Found a long sword, 9 sling bullets, a ration and a short sword.
You feel better. The deep elf blademaster misses you.
The deep elf blademaster hits you with a rapier of venom!
You die...

[.#...)......## **,,**,,**,,*
..#..[........### *##.,,*,,,*,,,*
..##...)=.......###...,**,,**,,**
####................,,**,,,*,,,*
##.....⌠........,**#),,**,,**
#............####}%.,**,,,*
##...........#...})(**,,,**
##..........'.)..#**,,,**
##.......e@#)%##*,,,,**
##.....§..#***,,,,,**
###......#,,,,,,***
###....':.,,*** #########**


You could see a deep elf blademaster.

Vanquished Creatures
  A deep elf master archer (Elf:3)
  A deep elf blademaster (Elf:3)
  5 deep elf sorcerers (Elf:3)
  2 deep elf elementalists
  Azrael (D:15)
  A dire elephant (D:15)
  4 deep elf demonologists
  7 deep elf annihilators (Elf:3)
  Josephine (D:14)
  6 deep elf death magi
  4 deep elf high priests (Elf:3)
  A catoblepas (Lair:6)
  9 hydras
  2 centaur warriors (D:15)
  10 two-headed ogres
  16 dancing weapons
  2 ogre magi (D:15)
  4 death yaks
  Urug (D:12)
  4 orc high priests (Orc:2)
  Nergalle (Lair:1)
  Sonja (D:12)
  6 deep elf knights
  3 unseen horrors
  5 wizards (D:12)
  Pikel (D:7)
  3 orc knights
  8 deep elf archers
  2 large abominations (Elf:1)
  22 ugly things
  A necromancer (Elf:1)
  31 deep elf magi
  An orc sorcerer (Orc:2)
  A cyclops (Orc:2)
  6 elephants
  3 manticores
  A salamander (D:15)
  4 black mambas
  A torpor snail (Lair:4)
  An eye of devastation (Lair:5)
  26 spiny frogs
  A gargoyle (D:14)
  A kobold demonologist (D:13)
  8 komodo dragons
  A merfolk (D:15)
  2 rime drakes (D:12)
  A polar bear (shapeshifter) (Elf:3)
  4 trolls
  3 meliai (D:13)
  A polar bear (Lair:4)
  4 tyrant leeches
  A hornet (shapeshifter) (Elf:2)
  17 blink frogs
  2 hornets
  Prince Ribbit (D:7)
  5 dream sheep (Lair:6)
  14 hippogriffs
  4 slime creatures (Depths:1)
  A meliai zombie (D:13)
  2 water elementals (Elf:1)
  2 wyverns
  A basilisk (Lair:2)
  4 air elementals
  54 yaks
  5 wraiths
  7 hungry ghosts
  4 fire elementals
  A steam dragon (D:12)
  6 vampire mosquitoes
  3 wargs
  8 water moccasins
  An acid dragon (D:13)
  6 hell hounds (D:15)
  11 porcupines
  2 slaves (D:7)
  18 orc warriors
  2 ice beasts
  8 sky beasts
  2 eyes of draining
  A necrophage (D:10)
  5 phantoms
  16 ogres
  4 wolves
  10 centaurs
  7 crocodiles
  3 big kobolds
  16 bullfrogs
  3 elf zombies (Elf:1)
  A wyvern zombie (D:10)
  4 earth elementals
  A wyvern skeleton (D:9)
  Dowan (D:4)
  21 wights
  5 killer bees (D:8)
  3 howler monkeys
  2 electric eels
  12 crimson imps
  A quasit (D:8)
  A centaur zombie (D:6)
  13 hounds
  2 jellies
  30 orc priests
  2 bullfrog skeletons
  3 centaur skeletons
  5 iguanas
  17 orc wizards
  6 worker ants
  A hound skeleton (D:6)
  20 adders
  5 shadow imps
  An adder skeleton (D:10)
  2 dart slugs (D:2)
  6 leopard geckos
  65 orcs
  3 bats (D:1)
  3 bat zombies (D:3)
  8 giant cockroaches
  6 goblins
  9 hobgoblins
  12 jackals
  17 kobolds
  10 quokkas
  2 ball pythons
  9 frilled lizards
  A jackal skeleton (D:4)
  3 rats
  A fungus (Lair:6)
  A plant (Lair:5)
808 creatures vanquished.

Vanquished Creatures (collateral kills)
  Sigmund (D:5)
  Eustachio (D:5)
  Duvessa (D:4)
  A water moccasin (D:7)
  A phantom (D:8)
  2 bullfrogs
  A scorpion (D:8)
  A hound (D:4)
  A bullfrog skeleton (D:4)
  3 orc priests
  Natasha (twice) (D:2)
  Terence (D:2)
  A worker ant (D:7)
  A hound skeleton (D:4)
  3 adders
  A leopard gecko (D:5)
  5 orcs
  A giant cockroach (D:1)
  A hobgoblin (D:2)
29 creatures vanquished.

Vanquished Creatures (others)
  A deep elf mage (Elf:1)
  A jelly (D:15)
  An orc wizard (D:8)
  6 fulminant prisms
  33 fungi
  112 plants
154 creatures vanquished.

Grand Total: 991 creatures vanquished

Notes
Turn   | Place    | Note
-------+----------+-------------------------------------------
     0 | D:1      | iamserjio the Felid Wizard began the quest for the Orb.
     0 | D:1      | Reached XP level 1. HP: 7/7 MP: 5/5
    37 | D:1      | Reached skill level 1 in Conjurations
   410 | D:1      | Reached XP level 2. HP: 11/11 MP: 2/7
   895 | D:1      | Learned a level 2 spell: Call Imp
   898 | D:1      | Learned a level 2 spell: Blink
  1555 | D:2      | Reached XP level 3. HP: 9/14 MP: 0/8
  1790 | D:2      | Found a glowing silver altar of Zin.
  1970 | D:2      | Noticed Natasha
  1985 | D:2      | Killed Natasha
  2002 | D:2      | Noticed Natasha
  2386 | D:2      | Learned a level 3 spell: Conjure Flame
  2531 | D:2      | Reached XP level 4. HP: 14/18 MP: 4/10
  2862 | D:2      | Noticed Terence
  2873 | D:2      | Killed Terence
  2996 | D:2      | Killed Natasha
  3509 | D:3      | Reached XP level 5. HP: 21/21 MP: 8/11
  4219 | D:3      | Found an ancient bone altar of Kikubaaqudgha.
  4361 | D:4      | Noticed an ogre
  4383 | D:4      | Killed an ogre
  4383 | D:4      | Reached skill level 1 in Fire Magic
  4383 | D:4      | Gained mutation: You are covered in thick fur. (AC +2) [Felid growth]
  4383 | D:4      | Reached XP level 6. HP: 24/24 MP: 1/13
  4751 | D:4      | Reached skill level 5 in Dodging
  5083 | D:4      | Noticed Dowan
  5087 | D:4      | Noticed Duvessa
  5641 | D:4      | Found an opulent altar of Gozag.
  5899 | D:4      | Reached XP level 7. HP: 27/27 MP: 6/14
  5903 | D:4      | Killed Dowan
  6271 | D:4      | Killed Duvessa
  6519 | D:4      | Found a shattered altar of Ashenzari.
  6521 | D:4      | Found a basalt altar of Yredelemnul.
  6760 | D:5      | Entered Level 5 of the Dungeon
  6762 | D:5      | Noticed Eustachio
  7057 | D:4      | Learned a level 3 spell: Mephitic Cloud
  7076 | D:5      | Noticed Sigmund
  7087 | D:5      | Killed Sigmund
  7087 | D:5      | Reached skill level 1 in Fighting
  7201 | D:5      | Killed Eustachio
  7645 | D:5      | Found a hide-covered altar of Uskayaw.
  7647 | D:5      | Reached skill level 5 in Conjurations
  7853 | D:5      | Reached XP level 8. HP: 33/33 MP: 1/16
  8828 | D:5      | Reached skill level 5 in Spellcasting
  9795 | D:6      | Found an ornate altar of the Wu Jian Council.
 10381 | D:7      | Found a hazy altar of Hepliaklqana.
 10554 | D:7      | Reached XP level 9. HP: 21/38 MP: 0/18
 11092 | D:7      | Noticed Prince Ribbit
 11126 | D:7      | Killed Prince Ribbit
 11841 | D:7      | Found a staircase to the Ecumenical Temple.
 11846 | Temple   | Entered the Ecumenical Temple
 11901 | Temple   | Became a worshipper of Vehumet
 12171 | D:7      | Found Modghu's Assorted Antiques.
 12195 | D:7      | Noticed Pikel
 12686 | D:7      | Killed Pikel
 13769 | D:8      | Reached skill level 5 in Fighting
 14214 | D:8      | Found Seamec's Weapon Emporium.
 14302 | D:8      | Reached * piety under Vehumet
 14302 | D:8      | Offered knowledge of Flame Tongue by Vehumet.
 14326 | D:7      | Learned a level 1 spell: Flame Tongue
 14452 | D:8      | Reached XP level 10. HP: 36/44 MP: 14/20
 15361 | D:7      | Bought a leatherbound book for 375 gold pieces
 15361 | D:7      | Bought a sapphire potion for 22 gold pieces
 15365 | D:7      | Learned a level 3 spell: Dazzling Spray
 15369 | D:7      | Learned a level 3 spell: Confuse
 15606 | D:9      | Noticed a two-headed ogre
 15628 | D:9      | Killed a two-headed ogre
 15628 | D:9      | Reached skill level 1 in Hexes
 16098 | D:9      | Found Teeryvak's Distillery.
 16106 | D:9      | Bought a potion of degeneration for 10 gold pieces
 16380 | D:9      | Found a snail-covered altar of Cheibriados.
 16462 | D:9      | Reached skill level 5 in Fire Magic
 17046 | D:9      | Offered knowledge of Searing Ray by Vehumet.
 17086 | D:9      | Learned a level 2 spell: Searing Ray
 17290 | D:10     | Entered Level 10 of the Dungeon
 17358 | D:10     | Reached ** piety under Vehumet
 17510 | D:10     | Found a stormy altar of Qazlal.
 17766 | D:10     | Found a staircase to the Orcish Mines.
 18344 | D:10     | Found a staircase to the Lair.
 18370 | D:10     | Reached XP level 11. HP: 48/48 MP: 7/22
 18657 | D:10     | Offered knowledge of Throw Frost by Vehumet.
 18789 | D:10     | Learned a level 4 spell: Iskenderun's Mystic Blast
 18937 | D:10     | Found an ornate altar of the Wu Jian Council.
 18993 | D:10     | Found a roughly hewn altar of Beogh.
 19226 | D:11     | Noticed a two-headed ogre
 19337 | D:11     | Reached *** piety under Vehumet
 19469 | D:11     | Noticed an unseen horror
 19475 | D:11     | Killed an unseen horror
 19475 | D:11     | Reached skill level 10 in Dodging
 19491 | D:11     | Got a vibrating granite ring
 20127 | D:11     | Noticed an unseen horror
 20215 | D:11     | Killed an unseen horror
 20215 | D:11     | Offered knowledge of Olgreb's Toxic Radiance by Vehumet.
 20215 | D:11     | Reached skill level 10 in Conjurations
 20332 | D:11     | Noticed a two-headed ogre
 20361 | D:11     | Killed a two-headed ogre
 21119 | D:12     | Noticed Sonja
 21276 | D:12     | Noticed a two-headed ogre
 21636 | D:12     | Killed a two-headed ogre
 21802 | Orc:1    | Entered Level 1 of the Orcish Mines
 22064 | D:10     | Reached **** piety under Vehumet
 22083 | Orc:1    | Noticed an orc knight
 22666 | D:10     | Identified the ring of Miuw Xodd {MR+ Dex+3} (You found it on level 11 of the Dungeon)
 22690 | Orc:1    | Killed an orc knight
 22842 | Orc:2    | Entered Level 2 of the Orcish Mines
 22863 | Orc:2    | Offered knowledge of Irradiate by Vehumet.
 22932 | Orc:2    | Noticed a two-headed ogre
 22999 | Orc:2    | Found a staircase to the Elven Halls.
 23000 | Orc:2    | Killed a two-headed ogre
 23200 | Elf:1    | Entered Level 1 of the Elven Halls
 23200 | Elf:1    | Noticed a deep elf mage
 23200 | Elf:1    | Noticed a deep elf mage
 23200 | Elf:1    | Noticed a deep elf mage
 23200 | Elf:1    | Noticed a deep elf mage
 23200 | Elf:1    | Noticed a deep elf mage
 23417 | Orc:1    | Found a roughly hewn altar of Beogh.
 23430 | Orc:1    | Gained mutation: Your thick and shaggy fur keeps you warm. (AC +3, rC+) [Felid growth]
 23430 | Orc:1    | Reached XP level 12. HP: 54/54 MP: 11/25
 24074 | Lair:1   | Entered Level 1 of the Lair of Beasts
 24346 | Lair:2   | Noticed a four-headed hydra
 24355 | Lair:2   | Killed a four-headed hydra
 25018 | Lair:1   | Noticed Nergalle
 25038 | Lair:1   | Killed Nergalle
 25970 | Lair:2   | Reached ***** piety under Vehumet
 26069 | Lair:2   | Offered knowledge of Airstrike by Vehumet.
 26806 | Lair:2   | Found a hole to the Spider Nest.
 26837 | Lair:2   | Noticed an eight-headed hydra
 26848 | Lair:2   | Killed an eight-headed hydra
 27453 | Lair:3   | Learned a level 3 spell: Tukima's Dance
 27657 | Lair:3   | Noticed a four-headed hydra
 27677 | Lair:3   | Killed a four-headed hydra
 27999 | Lair:3   | Reached XP level 13. HP: 57/59 MP: 19/27
 29080 | Lair:4   | Found a staircase to the Shoals.
 30819 | Lair:4   | Reached skill level 10 in Spellcasting
 30914 | Lair:4   | Found a glowing golden altar of the Shining One.
 31880 | Lair:5   | Noticed Tovarisch's ghost (journeyman DEFE)
 32466 | Lair:5   | Found a staircase to the Slime Pits.
 32508 | Lair:5   | Blown up by an eye of devastation
 32509 | Lair:5   | Reached XP level 12. HP: -16/57 MP: 27/27
 32545 | Lair:5   | Noticed an eight-headed hydra
 32586 | Lair:5   | Killed an eight-headed hydra
 32797 | Lair:6   | Entered Level 6 of the Lair of Beasts
 33583 | Lair:5   | Reached XP level 13. HP: 42/60 MP: 28/28
 35350 | Lair:6   | Got a fine iron ring
 35384 | Lair:6   | Identified the ring "Luahezekhi" {rF+ rN+ MR+} (You found it on level 6 of the Lair of Beasts)
 35850 | Lair:6   | Offered knowledge of Bolt of Draining by Vehumet.
 35858 | Lair:6   | Learned a level 5 spell: Bolt of Draining
 36665 | Lair:6   | Reached skill level 10 in Fighting
 37518 | D:10     | Learned a level 4 spell: Fulminant Prism
 38111 | Orc:2    | Reached skill level 1 in Evocations
 38872 | Orc:2    | Found Baodighi's General Store.
 38872 | Orc:2    | Found Mushrock's Armour Boutique.
 38872 | Orc:2    | Found Bekhlova's Magic Scroll Shop.
 38876 | Orc:2    | Found Loran's Assorted Antiques.
 38917 | Orc:2    | Reached skill level 1 in Necromancy
 39013 | Orc:2    | Bought a scroll of fear for 45 gold pieces
 39013 | Orc:2    | Bought a scroll of acquirement for 676 gold pieces
 39013 | Orc:2    | Bought a scroll of identify for 26 gold pieces
 39021 | Orc:2    | Bought a potion of curing for 81 gold pieces
 39021 | Orc:2    | Bought a dented filigree amulet for 135 gold pieces
 39021 | Orc:2    | Bought a scroll of fear for 94 gold pieces
 39022 | Orc:2    | Bought a scroll of identify for 26 gold pieces
 39516 | Elf:1    | Reached XP level 14. HP: 66/66 MP: 10/29
 39936 | D:12     | Killed Sonja
 40389 | D:12     | Noticed Urug
 40397 | D:12     | Killed Urug
 41012 | D:12     | Offered knowledge of Venom Bolt by Vehumet.
 41145 | D:12     | Killed from afar by a wizard
 41146 | D:12     | Reached XP level 13. HP: -4/62 MP: 28/28
 42137 | D:12     | Learned a level 2 spell: Swiftness
 42160 | D:13     | Found a gate to the Vaults.
 42323 | D:13     | Mangled by an enchanted long sword
 42324 | D:13     | Reached XP level 12. HP: -7/58 MP: 6/28
 44462 | D:14     | Noticed Josephine
 44468 | D:14     | Killed Josephine
 44739 | D:14     | Got a wavering emerald amulet
 44925 | D:14     | Identified the amulet "Roaquam" {Spirit Stlth+} (You found it on level 14 of the Dungeon)
 44979 | D:15     | Entered Level 15 of the Dungeon
 44979 | D:15     | Noticed a two-headed ogre
 44981 | D:15     | Noticed Azrael
 45063 | D:15     | Reached XP level 13. HP: 62/62 MP: 9/29
 45367 | D:15     | Reached skill level 5 in Necromancy
 45529 | D:15     | Noticed a dire elephant
 45801 | D:15     | Killed a dire elephant
 46378 | D:15     | Offered knowledge of Bolt of Magma by Vehumet.
 46474 | D:14     | Learned a level 5 spell: Bolt of Magma
 46827 | D:15     | Killed Azrael
 47047 | D:15     | Reached skill level 5 in Evocations
 47442 | D:15     | Found a staircase to the Depths.
 47459 | Depths:1 | Entered Level 1 of the Depths
 47895 | Elf:1    | Reached XP level 14. HP: 67/67 MP: 22/30
 48530 | Elf:1    | Reached skill level 15 in Dodging
 50694 | Elf:1    | Identified the Guide on Dark Rituals
 51156 | Elf:1    | Offered knowledge of Ozocubu's Refrigeration by Vehumet.
 52122 | Orc:2    | Bought a scroll of amnesia for 45 gold pieces
 52245 | Elf:2    | Reached skill level 10 in Fire Magic
 52570 | Elf:2    | Found Fazxed's Assorted Antiques.
 52716 | Elf:2    | Bought a scroll of blinking for 187 gold pieces
 53412 | Elf:2    | Noticed a deep elf elementalist
 53416 | Elf:2    | Killed a deep elf elementalist
 53416 | Elf:2    | Reached skill level 15 in Conjurations
 53952 | Elf:2    | Reached XP level 15. HP: 72/72 MP: 22/32
 54383 | Elf:3    | Entered Level 3 of the Elven Halls
 54383 | Elf:3    | Noticed Mara
 54600 | Elf:2    | Found a runed gate.
 54601 | Elf:2    | Found a runed gate.
 54602 | Elf:2    | Found a runed gate.
 54691 | Elf:3    | Found Eceaxidgh's Distillery.
 54722 | Elf:3    | Found Haufricw's Antique Armour Shoppe.
 54727 | Elf:3    | Bought a potion of curing for 45 gold pieces
 54759 | Elf:3    | Noticed Saint Roka
 54818 | Elf:3    | Noticed a deep elf sorcerer
 54820 | Elf:3    | Killed a deep elf sorcerer
 55223 | Elf:3    | Noticed a deep elf sorcerer
 55237 | Elf:3    | Noticed a deep elf sorcerer
 55238 | Elf:3    | Killed a deep elf sorcerer
 55244 | Elf:3    | Killed a deep elf sorcerer
 55620 | Elf:3    | Noticed a deep elf sorcerer
 55630 | Elf:3    | Killed a deep elf sorcerer
 55635 | Elf:3    | Got a translucent ivory ring
 55847 | Elf:3    | Noticed a deep elf master archer
 55847 | Elf:3    | Noticed a deep elf blademaster
 55860 | Elf:3    | Killed a deep elf blademaster
 56643 | Elf:3    | Noticed a deep elf master archer
 56644 | Elf:3    | Killed a deep elf master archer
 56708 | Elf:3    | Noticed iamserjio's illusion
 57075 | Elf:3    | Noticed a deep elf blademaster
 57078 | Elf:3    | Noticed a deep elf sorcerer
 57089 | Elf:3    | Killed a deep elf sorcerer
 57197 | Elf:3    | Reached skill level 1 in Earth Magic
 57354 | Elf:3    | Shot with an arrow by a deep elf master archer
 57355 | Elf:3    | Reached XP level 14. HP: -14/69 MP: 12/31
 57367 | Elf:3    | Noticed iamserjio's illusion
 57691 | Elf:3    | Noticed a deep elf elementalist
 57897 | Elf:3    | Noticed a deep elf elementalist
 57899 | Elf:3    | Killed a deep elf elementalist
 58121 | Elf:3    | Got a twitching tin ring
 58586 | Elf:3    | Got a crude amber ring
 58598 | Elf:3    | HP: 2/69 [deep elf blademaster/rapier of venom (22)]
 58599 | Elf:3    | Slain by a deep elf blademaster

Vault maps used:
D:1:      ncdulo_lavacross, minmay_tetromino_i2
D:2:      lemuel_doored_altar, uniq_terence, uniq_natasha
D:3:      lemuel_zombie_altar_kikubaaqudgha, first_ration,
          guppyfry_early_orc_mine
D:4:      gammafunk_temple_overflow_pools, kennysheep_mini, uniq_duvessa
D:5:      old_standard_altar, uniq_eustachio, uniq_sigmund
D:6:      kennysheep_little_box
D:7:      nicolae_overflow_crystal_walls, minmay_temple_entry_nine_rooms,
          serial_shops, shop, minivault_11, grunt_ogre_cave, uniq_pikel,
          uniq_prince_ribbit1
D:8:      serial_shops, nicolae_shop_stone
D:9:      cheibriados_altar_1, serial_shops, shop
D:10:     david_lair_shrubbed, minmay_orc_entry_temple_small, basic_altar,
          st_stairs_3, grunt_qazlal_clouds
D:12:     minmay_smoke_and_mirrors, portal_ice_cave_rime, spider_trap,
          kennysheep_cross_room, uniq_sonja, uniq_urug
D:13:     erik_vaults_1
D:14:     uniq_josephine
D:15:     hangedman_depths_entry_try_elsewhere_first, grunt_decor_cap,
          serial_bayou_pond_d, uniq_azrael
Temple:   nicolae_temple_god_jail
Lair:1:   grunt_megastairs_4, infiniplex_staircase_pool, uniq_nergalle
Lair:2:   spider_nest_entry_web_field
Lair:3:   minivault_27, grunt_megastairs_1
Lair:4:   minmay_shoals_entry_beasts, basic_altar,
          eino_small_chamber_without_monster
Lair:5:   minmay_slime_entry_eyes, lemuel_fruit_tree,
          infiniplex_staircase_pool_2
Lair:6:   minmay_lair_end_frog_pond, nicolae_lair_yak_garden
Orc:1:    basic_altar
Orc:2:    st_orc_mages
Elf:1:    elf_arrival_002, minmay_elf_necromancy, grunt_megastairs_2
Elf:2:    serial_shops, nicolae_shop_waterfront
Elf:3:    minmay_elf_hall_quartered_circle, st_stairs_12, minmay_shop_star,
          uniq_jorgrun, uniq_saint_roka, uniq_mara
Depths:1: enter_trove_6, grunt_hell_entry_dis_grunt, kennysheep_two_boxes,
          grunt_megastairs_3, uniq_nikola

Skill      XL: |  1  2  3  4  5  6  7  8  9 10 11 12 13 14 15 |
---------------+----------------------------------------------+-----
Conjurations   | 1 2 3 4 5 6 8 9 10 11 14 15 | 15.4
Dodging        | 3 4 5 6 7 8 9 10 13 15 | 15.5
Spellcasting   | 4 5 6 7 8 9 11 13 | 13.1
Fire Magic     | 1 2 3 4 5 6 7 9 10 | 10.3
Fighting       | 2 3 5 6 7 8 11 12 | 12.4
Hexes          | 3 |  3.0
Evocations     | 5 2 |  5.0
Necromancy     | 4 5 2 6 |  6.7
Earth Magic    | 1 |  1.8
Stealth        | |  2.6
Summonings     | |  1.0
Translocations | |  1.5

Action                   |  1- 3 |  4- 6 |  7- 9 | 10-12 | 13-15 || total
-------------------------+-------+-------+-------+-------+-------++-------
Melee: Unarmed           |    16 |    10 |    60 |    43 |    12 ||   141
       Bite              |     2 |       |     4 |     2 |     4 ||    12
 Cast: Magic Dart        |    86 |   163 |   490 |       |       ||   739
       Call Imp          |     7 |    29 |    61 |    14 |       ||   111
       Conjure Flame     |       |     3 |    17 |    67 |    99 ||   186
       Mephitic Cloud    |       |       |     6 |       |     1 ||     7
       Blink             |       |       |     5 |     9 |    40 ||    54
       Flame Tongue      |       |       |     4 |   989 |   892 ||  1885
       Confuse           |       |       |       |    43 |     1 ||    44
       Dazzling Spray    |       |       |       |     3 |       ||     3
       Iskenderun's Myst |       |       |       |    65 |   233 ||   298
       Searing Ray       |       |       |       |    18 |     3 ||    21
       Bolt of Draining  |       |       |       |    21 |   300 ||   321
       Fulminant Prism   |       |       |       |     5 |     1 ||     6
       Tukima's Dance    |       |       |       |       |     2 ||     2
       Swiftness         |       |       |       |       |     1 ||     1
       Bolt of Magma     |       |       |       |       |    22 ||    22
Evoke: Wand              |       |       |     3 |    31 |    48 ||    82
       Box of beasts     |       |       |       |       |     5 ||     5
       Phantom mirror    |       |       |       |       |     1 ||     1
  Use: Scroll            |       |       |     7 |    20 |    23 ||    50
       Potion            |       |       |     2 |       |     8 ||    10
 Stab: Sleeping          |     1 |       |     1 |       |       ||     2
       Confused          |       |       |     1 |     2 |       ||     3
       Paralysed         |       |       |       |     7 |       ||     7
  Eat: Chunk             |    10 |     7 |    17 |    48 |    78 ||   160
       Ration            |       |       |       |     1 |     4 ||     5
Armor: Skin              |     1 |     2 |    22 |    11 |    15 ||    51
Dodge: Dodged            |    32 |    44 |   158 |   453 |   730 ||  1417
Block: Other             |       |       |     1 |    43 |    29 ||    73
       Reflection        |       |       |       |     2 |     6 ||     8

Table legend:
 A = Spawn XP
 B = Non-spawn XP
 C = Spawn XP percentage of total XP
 D = Spawn monster count
 E = Non-spawn monster count
 F = Spawn count percentage of total count
 G = Total turns spent on level
                    A         B        C        D         E        F      G
               +---------+---------+-------+---------+---------+-------+---------
         Total |       0 |  221097 |   0.0 |       0 |     835 |   0.0 | 58599
               +---------+---------+-------+---------+---------+-------+---------
           D:1 |       0 |      29 |   0.0 |       0 |      16 |   0.0 |  1822
           D:2 |       0 |     128 |   0.0 |       0 |      26 |   0.0 |  1404
           D:3 |       0 |     110 |   0.0 |       0 |      30 |   0.0 |  1445
           D:4 |       0 |     668 |   0.0 |       0 |      25 |   0.0 |  2507
           D:5 |       0 |    1042 |   0.0 |       0 |      28 |   0.0 |  1863
           D:6 |       0 |     403 |   0.0 |       0 |      16 |   0.0 |   983
           D:7 |       0 |    2161 |   0.0 |       0 |      27 |   0.0 |  3230
           D:8 |       0 |    1665 |   0.0 |       0 |      30 |   0.0 |  2092
           D:9 |       0 |    2330 |   0.0 |       0 |      20 |   0.0 |  1876
          D:10 |       0 |    4400 |   0.0 |       0 |      57 |   0.0 |  3031
          D:11 |       0 |    5278 |   0.0 |       0 |      37 |   0.0 |  2214
          D:12 |       0 |    8331 |   0.0 |       0 |      34 |   0.0 |  1924
          D:13 |       0 |    7715 |   0.0 |       0 |      29 |   0.0 |  2086
          D:14 |       0 |    7333 |   0.0 |       0 |      27 |   0.0 |  2335
          D:15 |       0 |   24777 |   0.0 |       0 |      62 |   0.0 |  1562
        Lair:1 |       0 |    5383 |   0.0 |       0 |      21 |   0.0 |  1497
        Lair:2 |       0 |    7602 |   0.0 |       0 |      27 |   0.0 |  1776
        Lair:3 |       0 |    7880 |   0.0 |       0 |      18 |   0.0 |  2688
        Lair:4 |       0 |   10959 |   0.0 |       0 |      36 |   0.0 |  2153
        Lair:5 |       0 |   10000 |   0.0 |       0 |      35 |   0.0 |  2826
        Lair:6 |       0 |   15658 |   0.0 |       0 |      55 |   0.0 |  2488
         Orc:1 |       0 |    1323 |   0.0 |       0 |       6 |   0.0 |  1363
         Orc:2 |       0 |    9303 |   0.0 |       0 |      59 |   0.0 |  3444
         Elf:1 |       0 |   24413 |   0.0 |       0 |      45 |   0.0 |  3821
         Elf:2 |       0 |   19830 |   0.0 |       0 |      29 |   0.0 |  2541
         Elf:3 |       0 |   41319 |   0.0 |       0 |      36 |   0.0 |  3274
      Depths:1 |       0 |    1057 |   0.0 |       0 |       4 |   0.0 |   286
               +---------+---------+-------+---------+---------+-------+---------
